 Dungeon Crawl Stone Soup version 0.25-a0-843-g6944ee3 (webtiles) character file.

Game seed: 11297971802924880583, levelgen mode: deterministic

36 Faca the Vandal (level 3, -2/25 HPs)
             Began as a Halfling Hunter on Apr 25, 2020.
             Slain by Terence
             ... wielding a +0 short sword of freezing
              (3 damage)
             ... on level 2 of the Dungeon.
             The game lasted 00:01:38 (1631 turns).

Faca the Vandal (Halfling Hunter)                   Turns: 1631, Time: 00:01:39

Health: -2/25      AC:  4    Str: 14    XL:     3   Next: 57%
Magic:  3/3        EV: 14    Int:  9    God:
Gold:   90         SH:  0    Dex: 14    Spells: 2/2 levels left

rFire    . . .     SeeInvis .   a - +1 hunting sling
rCold    . . .     Gourm    .   (shield restricted)
rNeg     . . .     Faith    .   c - +1 leather armour
rPois    .         Spirit   .   (no helmet)
rElec    .         Reflect  .   (no cloak)
rCorr    .         Harm     .   (no gloves)
MR       .....                  (no boots)
Stlth    +.........             (no amulet)
HPRegen  0.08/turn              (no ring)
MPRegen  0.08/turn              (no ring)

@: no status effects
A: small, mutation resistance 1
a: no special abilities


You were on level 2 of the Dungeon.
You were very hungry.

You visited 1 branch of the dungeon, and saw 2 of its levels.

You collected 90 gold pieces.

Inventory:

Hand Weapons
 a - a +1 hunting sling (weapon)
 b - a +0 short sword
Missiles
 d - 28 sling bullets (quivered)
 e - 64 stones
Armour
 c - a +1 leather armour (worn)
 i - a +0 kite shield
Comestibles
 f - 4 rations


   Skills:
 + Level 2.6 Fighting
 + Level 6.7 Slings
 - Level 2.1 Dodging
 - Level 1.1 Stealth


You had 2 spell levels left.
You didn't know any spells.
Your spell library was empty.

Dungeon Overview and Level Annotations

Branches:
Dungeon (2/15)

Altars:

Annotations:
D:2 Terence


Innate Abilities, Weirdness & Mutations

You are small and have problems with some larger weapons.
You are somewhat resistant to further mutation.


Message History

Firing (i - inventory. (/) - cycle)
d - 30 sling bullets (quivered)
Press: ? - help, Shift-Dir - straight line, f/p - Terence
Aim: Terence, wielding a +0 short sword of freezing and wearing a +0 scale mail (severely wounded)
You shoot a sling bullet. The sling bullet barely misses Terence.
The sling bullet hits the goblin.
You kill the goblin!
Terence hits you with a +0 short sword of freezing.
Terence freezes you.
You are too injured to fight recklessly!
You are too injured to fight recklessly!
Firing (i - inventory. (/) - cycle)
d - 29 sling bullets (quivered)
Press: ? - help, Shift-Dir - straight line, f/p - Terence
Aim: Terence, wielding a +0 short sword of freezing and wearing a +0 scale mail (severely wounded)
You shoot a sling bullet. The sling bullet barely misses Terence.
The sling bullet hits the worm.
The worm is moderately wounded.
Terence hits you with a +0 short sword of freezing!
* * * LOW HITPOINT WARNING * * *
Terence freezes you.
You die...

..........##.#
...###.####.# #.# #.# #.#
#.# ###.# #.#
.......#...# #.#
.......#.######.#
.......#)#......#
.......#@#.###..#
.......#@#.#....########
......l#w#.#....".......
..w....#(#.#.....#######
.....@).(#.#...........#
.####.####.#..รท#.#####.#
# #...<.#.#<..#.#
#####.#.#...#.#
..#.#.#.#.#


You could see Terence and a worm.

Vanquished Creatures
  An adder (D:2)
  3 leopard geckos
  3 goblins
  A hobgoblin (D:1)
  4 jackals (D:1)
  3 bats (D:1)
  A frilled lizard (D:1)
  3 kobolds
  4 rats
23 creatures vanquished.

Notes
Turn   | Place    | Note
-------+----------+-------------------------------------------
     0 | D:1      | Faca the Halfling Hunter began the quest for the Orb.
     0 | D:1      | Reached XP level 1. HP: 14/14 MP: 1/1
    94 | D:1      | Reached skill level 6 in Slings
   122 | D:1      | Reached XP level 2. HP: 13/19 MP: 2/2
  1244 | D:1      | Reached XP level 3. HP: 25/25 MP: 3/3
  1615 | D:2      | Noticed Terence
  1631 | D:2      | HP: 1/25 [Terence/+0 short sword of freezing (7)]
  1631 | D:2      | Slain by Terence

Levels and vault maps discovered:
D:1:      dpeg_arrival_signposts, layout_basic
D:2:      layout_basic, uniq_terence

Skill      XL: |  1 |
---------------+----+-----
Slings         | 6 |  6.7
Fighting       | 2 |  2.6
Dodging        | |  2.1
Stealth        | |  1.1

Action                   || total
-------------------------++-------
Melee: Short sword       ||    78
 Fire: Hunting sling     ||     8
  Use: Scroll            ||     3
 Stab: Sleeping          ||     3
  Eat: Chunk             ||     1
Armor: Leather armour    ||    18
Dodge: Dodged            ||    68

Table legend:
 A = Non-vault XP
 B = Vault XP
 C = Vault XP percentage of total XP
 D = Non-vault monster count
 E = Vault monster count
 F = Vault count percentage of total count
                 A         B        C        D         E       F
            +---------+---------+-------+---------+---------+-------
      Total |      52 |       0 |   0.0 |      23 |       0 |   0.0
            +---------+---------+-------+---------+---------+-------
        D:1 |      29 |       0 |   0.0 |      16 |       0 |   0.0
        D:2 |      23 |       0 |   0.0 |       7 |       0 |   0.0
            +---------+---------+-------+---------+---------+-------
